 Dungeon Crawl Stone Soup version 0.23.2-1-ga50397a6bc (webtiles) character file.

Game seed: 14110168756805816556

223 Gordogan the Chopper (level 5, -6/48 HPs)
             Began as a Minotaur Berserker on May 7, 2019.
             Was a Priest of Trog.
             Killed by divine providence
             ... invoked by an orc priest
              (12 damage)
             ... on level 3 of the Dungeon.
             The game lasted 00:15:11 (1867 turns).

Gordogan the Chopper (Minotaur Berserker)           Turns: 1867, Time: 00:15:12

Health: -6/48      AC: 12    Str: 23    XL:     5   Next: 66%
Magic:  4/4        EV:  7    Int:  8    God:    Trog [***...]
Gold:   102        SH:  0    Dex:  9    Spells: 4/4 levels left

rFire    . . .     SeeInvis .   a - +0 hand axe
rCold    . . .     Gourm    .   (no shield)
rNeg     . . .     Faith    .   j - +0 plate armour
rPois    .         Spirit   .   (helmet restricted)
rElec    .         Reflect  .   (no cloak)
rCorr    .         Harm     .   i - +0 pair of gloves
MR       +....                  (no boots)
Stlth    ..........             (no amulet)
HPRegen  0.16/turn              h - +4 ring of intelligence
MPRegen  0.09/turn              m - ring of protection from magic

@: lethally poisoned (-6 -> -7)
A: retaliatory headbutt, horns 2
a: Berserk, Trog's Hand, Renounce Religion


You were on level 3 of the Dungeon.
You worshipped Trog.
Trog was most pleased with you.
You were not hungry.

You visited 1 branch of the dungeon, and saw 3 of its levels.

You collected 102 gold pieces.

Inventory:

Hand Weapons
 a - a +0 hand axe (weapon)
 b - a +2 short sword of speed
Armour
 i - a +0 pair of gloves (worn)
 j - a +0 plate armour (worn)
Jewellery
 h - a +4 ring of intelligence (left hand)
 m - a ring of protection from magic (right hand)
Scrolls
 l - a scroll of remove curse {unknown}
Potions
 e - 2 potions of curing {unknown}
 f - 2 potions of agility
 g - 4 potions of degeneration {unknown}
 k - a potion of haste {unknown}
Comestibles
 c - 5 rations
 d - 14 chunks of flesh


   Skills:
 + Level 5.0 Fighting
 + Level 6.0 Axes
 + Level 3.7 Armour
 + Level 2.9 Dodging


You had 4 spell levels left.
You didn't know any spells.
Your spell library was empty.

Dungeon Overview and Level Annotations

Branches:
Dungeon (3/15)

Altars:
Qazlal
The Shining One

Annotations:
D:3 Sigmund


Innate Abilities, Weirdness & Mutations

You reflexively headbutt those who attack you in melee.
You have a pair of horns on your head.


Message History

Trog accepts your kill.
Trog will now gift you ammunition as you gain piety.
You hit the withered plant but do no damage.
Sigmund the Dreaded comes into view.
He is wielding a +0 scythe.
Sigmund shouts!
The kobold hits you but does no damage.
You hit the kobold but do no damage. You hit the orc priest.
You hit the withered plant but do no damage.
You feel sick. The bat hits you but does no damage.
The orc priest calls down the wrath of Beogh upon you.
Beogh smites you!
* * * LOW HITPOINT WARNING * * *
The kobold closely misses you.
You hear an angry hiss.
The bat barely misses you. The bat hits you but does no damage.
The bat barely misses you.
An adder comes into view.
The orc priest mumbles some strange prayers to Beogh against you.
Beogh smites you!
You die...

#.####.# #####
#.#....# ...
#.#(#### #.. #.#.#
####.####.#(#
#.........#.#
#.##.###..#)### #.
#.# ##.....#
##.##.##@# #.P...#
.......#.#####..8.#
#@KbP..P##..8P#
#.oro≈§.##..###
....o≈≈≈≈P###.#
#.##.§§≈§§§# #.# ..
#.P§§§§.# #.# .
...S§§§§# .#(## ###


You could see 2 orc priests, an adder, an orc, a bat and a rat.

Vanquished Creatures
  Jessica (D:2)
  Terence (D:2)
  A howler monkey zombie (D:3)
  Robin (D:2)
  4 gnolls (D:2)
  3 adders
  An adder zombie (D:3)
  2 worms (D:2)
  3 dart slugs
  A leopard gecko (D:1)
  6 orcs (D:3)
  2 giant cockroaches
  9 goblins
  11 hobgoblins
  6 kobolds
  4 bats
  6 frilled lizards
  A giant cockroach zombie (D:3)
  A leopard gecko zombie (D:3)
  4 rats
68 creatures vanquished.

Notes
Turn   | Place    | Note
-------+----------+-------------------------------------------
     0 | D:1      | Gordogan the Minotaur Berserker began the quest for the
                  | Orb.
     0 | D:1      | Reached XP level 1. HP: 19/19 MP: 0/0
    73 | D:1      | Reached XP level 2. HP: 21/27 MP: 1/1
   165 | D:1      | Reached skill level 4 in Axes
   686 | D:2      | Noticed Jessica
   696 | D:2      | Killed Jessica
   696 | D:2      | Reached XP level 3. HP: 26/34 MP: 2/2
   841 | D:2      | Reached ** piety under Trog
   929 | D:2      | Reached XP level 4. HP: 39/41 MP: 3/3
   970 | D:2      | Found a stormy altar of Qazlal.
  1030 | D:2      | Noticed Robin
  1044 | D:2      | Found a glowing golden altar of the Shining One.
  1051 | D:2      | Killed Robin
  1051 | D:2      | Reached skill level 5 in Axes
  1168 | D:2      | Noticed Terence
  1185 | D:2      | Killed Terence
  1289 | D:2      | Reached XP level 5. HP: 47/47 MP: 4/4
  1841 | D:3      | Reached skill level 6 in Axes
  1844 | D:3      | Reached skill level 5 in Fighting
  1863 | D:3      | Reached *** piety under Trog
  1864 | D:3      | Noticed Sigmund
  1867 | D:3      | Killed from afar by an orc priest

Skill      XL: |  1  2  3  4  5 |
---------------+----------------+-----
Fighting       | 4 5 |  5.0
Axes           | 4 5 6 |  6.0
Armour         | 3 |  3.7
Dodging        | |  2.9

Action                   |  1- 3 |  4- 6 || total
-------------------------+-------+-------++-------
Melee: Hand axe          |    68 |   107 ||   175
       Headbutt          |    11 |    28 ||    39
  Use: Scroll            |     1 |     1 ||     2
  Eat: Chunk             |       |     3 ||     3
Armor: Animal skin       |     1 |       ||     1
       Plate armour      |    14 |    76 ||    90
       Leather armour    |     3 |       ||     3
Dodge: Dodged            |    38 |    39 ||    77
